 Dungeon Crawl Stone Soup version 0.30-a0-422-g946f4849ff (webtiles) character file.

Game seed: 12463438220892790061

5099 ragingrage the Fighter (level 10, -9/89 HPs)
             Began as a Djinni Monk on Dec 8, 2022.
             Was a Priest of Ashenzari.
             Mangled by an orc knight
             ... wielding a +0 battleaxe
              (12 damage)
             ... in a bailey.
             The game lasted 00:10:38 (6943 turns).

ragingrage the Fighter (Djinni Monk)                Turns: 6943, Time: 00:10:39

Health: -9/89      AC:  7    Str: 16    XL:     10   Next: 87%
Gold:   135        EV: 14    Int: 17    God:    Ashenzari [***...] SH:  0 Dex: 15

rFire   + + +      SeeInvis +    i - +9 sling of Ashenzari's Prison {speed, Drain Str+6, Cun, Self} (curse)
rCold   . . .      Faith    .    (no shield)
rNeg    + . .      Spirit   .    E - +3 leather armour {rN+}
rPois   ∞          Reflect  .    (no helmet)
rElec   .          Harm     .    g - scarf of Apeoromancy {rC+ rF+, Self, Range} (curse)
rCorr   .          Rampage  .    A - +0 pair of gloves of Apeoromancy {Self, Range} (curse)
Will    +++..      Clarity  +    (boots unavailable)
Stlth   ++........               B - amulet of regeneration
HPRegen 1.14/turn                y - ring of willpower
MPRegen 0.00/turn                q - ring "Shackled Mistrust" {Will+, Self, Range} (curse)

@: flying
A: sickness immunity, fire resistance 2, cold vulnerability 1, float, innate
caster, HP casting, extra vitality 1
a: Renounce Religion, Shatter the Chains


You were in a bailey.
You worshipped Ashenzari.
Ashenzari was most pleased with you.
You visited 1 branch of the dungeon, and saw 7 of its levels.
You also visited: Ossuary and Bailey.

You collected 324 gold pieces.
You spent 189 gold pieces at shops.

Inventory:

Hand Weapons
 a - a +0 falchion
 i - the cursed +9 sling of Ashenzari's Prison (weapon) {speed, Drain Str+6, Cun, Self}
   (You found it on level 2 of the Dungeon)

   Attacks with this weapon are significantly faster.
   Str:       It affects your strength (+6).
   Drain:     It drains your maximum health when unequipped.
   It has a curse which improves the following skills: Cunning: Dodging and
   Stealth.
   Introspection: Fighting and Spellcasting.
Armour
 g - the cursed scarf of Apeoromancy (worn) {rC+ rF+, Self, Range}
   (You found it on level 2 of the Dungeon)

   It has a curse which improves the following skills: Introspection: Fighting
   and Spellcasting.
   Ranged Combat: Ranged Weapons and Throwing.
 A - the cursed +0 pair of gloves of Apeoromancy (worn) {Self, Range}
   (You found it on level 6 of the Dungeon)

   It has a curse which improves the following skills: Introspection: Fighting
   and Spellcasting.
   Ranged Combat: Ranged Weapons and Throwing.
 E - a +3 leather armour of positive energy (worn)
Jewellery
 o - a ring of protection from fire
 q - the cursed ring "Shackled Mistrust" (right hand) {Will+, Self, Range}
   (You found it on level 5 of the Dungeon)

   [ring of willpower]

   Will:      It increases your willpower.
   It has a curse which improves the following skills: Introspection: Fighting
   and Spellcasting.
   Ranged Combat: Ranged Weapons and Throwing.
 y - a ring of willpower (left hand)
 B - an amulet of regeneration (around neck)
Scrolls
 d - 3 scrolls of enchant armour
 e - 9 scrolls of teleportation
 f - 2 scrolls of fog
 h - 2 scrolls of fear
 j - 4 scrolls of vulnerability
 l - a scroll of brand weapon
 m - a scroll of amnesia
 n - a scroll of poison
 s - 3 scrolls of blinking
 u - a scroll of enchant weapon
 z - a scroll of noise
Potions
 b - a potion of brilliance
 c - a potion of might
 p - 3 potions of curing
 r - 2 potions of lignification
 v - a potion of ambrosia
 w - a potion of heal wounds
 x - a potion of cancellation
 C - a potion of haste
 D - a potion of invisibility


   Skills:
 + Level 10.6(14.5) Fighting
 - Level 3.6 Long Blades
 + Level 1.8(4.1) Ranged Weapons
 + Level 2.3 Armour
 + Level 4.3(5.9) Dodging
 - Level 1.5(2.7) Stealth
 + Level 7.7(11.7) Spellcasting
 - Level 0.2 Evocations


You had 23 spell levels left.
You knew the following spells:

 Your Spells              Type           Power      Damage    Failure   Level
a - Sandblast             Erth           98%        2d20      1%          1
b - Static Discharge      Conj/Air       98%        2-7/arc   1%          2
c - Gell's Gravitas       Tloc           49%        N/A       1%          3
d - Confusing Touch       Hex            49%        N/A       1%          3
Your spell library was empty.

Dungeon Overview and Level Annotations

Branches:
Dungeon (7/15)            Ossuary (visited)          Bailey (1/1)
 Temple: D:4-7

Altars:
Ashenzari

Shops:
D:5 [:?

Annotations:
D:3 2 transporters, flotson's ghost, weakling DsDe
D:4 Pikel


Innate Abilities, Weirdness & Mutations

You are immune to sickness and miasma.
You are immune to poison.
Your flesh is very heat resistant. (rF++)
You are vulnerable to cold. (rC-)
You float through the air rather than walking.
You learn spells naturally, not from books.
Your magical power is your life essence.
You have superior vitality. (+4 MHP)


Message History

The orc knight is struck by an arc of lightning.
The orc knight is heavily wounded.
You are struck by an arc of lightning.
The lightning grounds out.
The orc knight misses you.
Casting: Static Discharge (safe; 1% risk of failure)
Confirm with . or Enter, or press ? or * to list all spells.
The orc knight is struck by an arc of lightning.
The orc knight is heavily wounded.
You are struck by an arc of lightning.
The lightning grounds out.
The orc knight hits you with a +0 battleaxe!
Casting: Static Discharge (safe; 1% risk of failure)
Confirm with . or Enter, or press ? or * to list all spells.
The orc knight is struck by an arc of lightning.
The orc knight is severely wounded.
You are struck by an arc of lightning.
The orc knight is struck by an arc of lightning.
The orc knight is severely wounded.
You are struck by an arc of lightning.
The orc knight is struck by an arc of lightning!
The orc knight is almost dead.
The lightning grounds out.
The orc knight hits you with a +0 battleaxe!!
Casting: Static Discharge (safe; 1% risk of failure)
Confirm with . or Enter, or press ? or * to list all spells.
The orc knight is struck by an arc of lightning.
The orc knight is almost dead.
You are struck by an arc of lightning.
The lightning grounds out.
The orc knight hits you with a +0 battleaxe!!
* * * LOW HITPOINT WARNING * * *
Casting: Static Discharge (safe; 1% risk of failure)
Confirm with . or Enter, or press ? or * to list all spells.
The orc knight is struck by an arc of lightning.
The orc knight is almost dead.
You are struck by an arc of lightning.
* * * LOW HITPOINT WARNING * * *
The lightning grounds out.
* * * LOW HITPOINT WARNING * * *
The orc knight complains noisily.
The orc knight hits you with a +0 battleaxe!
You die...

).......# o..)....#
....)).### ♣♣♣
.....#)#.### ♣♣♣♣♣♣.♣♣
##.###))...###♣.......♣
###.........##.......♣
#...........#.......♣
,#...........'.......♣♣
,#.....).....'o@∩.∩...♣
,,#...........'........♣
#........)..#.......♣♣
###.........##.......♣
##g###.....###♣♣.....♣♣
...gg#)#.### ♣♣.♣♣.♣
.......### ♣♣♣♣♣♣
........# ........#


You could see an orc knight.

Vanquished Creatures
  An orc knight (Bailey)
  Joseph (D:7)
  An unseen horror (D:6)
  A hornet (D:7)
  Prince Ribbit (D:6)
  Sigmund (D:6)
  2 steam dragons (D:6)
  A water moccasin (D:6)
  Duvessa (D:6)
  5 orc warriors
  An ice beast (D:6)
  2 black bears (D:6)
  4 ogres
  A phantom (D:5)
  A kobold brigand (D:5)
  Blork the orc (D:4)
  A necrophage (D:6)
  13 scorpions
  Dowan (D:6)
  A jelly (D:6)
  A quasit (D:4)
  2 centaur zombies (Ossuary)
  An orc priest (D:3)
  3 hounds
  3 human zombies (Ossuary)
  5 iguanas
  5 scorpion zombies (Ossuary)
  An orc wizard (D:5)
  3 mummies (Ossuary)
  3 gnolls
  9 adders
  2 shadow imps
  6 ufetubi (D:4)
  29 orcs
  11 endoplasms
  2 giant cockroaches
  4 gnoll zombies (Ossuary)
  10 goblins
  13 hobgoblins
  3 jackals (D:2)
  4 quokkas
  9 ball pythons
  8 bats
  4 frilled lizards
  A goblin zombie (Ossuary)
  A hobgoblin zombie (Ossuary)
  16 kobolds
  A kobold zombie (Ossuary)
  2 orc zombies (Ossuary)
  6 rats
209 creatures vanquished.

Vanquished Creatures (others)
  6 demonic plants (D:4)
6 creatures vanquished.

Grand Total: 215 creatures vanquished

Notes
Turn   | Place    | Note
-------+----------+-------------------------------------------
     0 | D:1      | ragingrage the Djinni Monk began the quest for the Orb.
     0 | D:1      | Reached XP level 1. HP: 20/20 MP: 0/0
   159 | D:1      | Reached XP level 2. HP: 10/25 MP: 0/0
   476 | D:1      | Reached XP level 3. HP: 8/30 MP: 0/0
   476 | D:1      | Learned a level 1 spell: Sandblast
   912 | D:2      | Reached XP level 4. HP: 28/35 MP: 0/0
   971 | D:2      | Reached skill level 1 in Spellcasting
  1082 | D:2      | Identified the +9 sling "Killer Klown's Foe" {speed, Drain
                  | Str+6}
  1445 | D:2      | Reached XP level 5. HP: 41/41 MP: 0/0
  1445 | D:2      | Learned a level 2 spell: Static Discharge
  1677 | D:3      | Found a faded altar of an unknown god.
  1876 | D:3      | Reached skill level 4 in Fighting
  2047 | D:3      | Found a broken altar of Ashenzari.
  2117 | D:3      | Became a worshipper of Ashenzari the Shackled
  2134 | D:3      | Reached * piety under Ashenzari
  2149 | D:3      | Noticed an ogre
  2150 | D:3      | Found a transporter.
  2151 | D:3      | Noticed flotson's ghost (weakling DsDe)
  2152 | D:3      | Identified the +6 great mace of the Goat {drain, Fly rElec
                  | Int+3}
  2152 | D:3      | Noticed an ogre
  2156 | D:3      | Found a transporter.
  2493 | D:4      | Reached XP level 6. HP: 50/50 MP: 0/0
  2649 | D:4      | Noticed Blork the orc
  2664 | D:4      | Killed Blork the orc
  2786 | D:4      | Reached ** piety under Ashenzari
  2895 | D:4      | Reached skill level 5 in Fighting
  3001 | D:4      | Reached XP level 7. HP: 27/58 MP: 0/0
  3001 | D:4      | Learned a level 3 spell: Gell's Gravitas
  3452 | D:4      | Noticed Pikel
  3562 | D:5      | Entered Level 5 of the Dungeon
  3562 | D:5      | Found Wullaexu's Book Boutique.
  3568 | D:5      | Reached skill level 6 in Fighting
  3580 | D:5      | Reached XP level 8. HP: 66/66 MP: 0/0
  3701 | D:5      | Found Sunkilemy's Magic Scroll Shop.
  3892 | D:5      | Reached *** piety under Ashenzari
  3958 | D:5      | Found Jyck's Antique Armour Emporium.
  3965 | D:5      | Bought a shiny scale mail for 189 gold pieces
  4182 | D:6      | Reached skill level 7 in Fighting
  4217 | D:6      | Found a sand-covered staircase.
  4220 | Ossuary  | Entered an ossuary
  4388 | Ossuary  | Reached skill level 5 in Spellcasting
  4465 | Ossuary  | Reached XP level 9. HP: 65/77 MP: 0/0
  4465 | Ossuary  | Learned a level 3 spell: Confusing Touch
  4544 | Ossuary  | Reached skill level 8 in Fighting
  5104 | D:6      | Noticed an unseen horror
  5110 | D:6      | Killed an unseen horror
  5232 | D:6      | Noticed Prince Ribbit
  5236 | D:6      | Killed Prince Ribbit
  5237 | D:6      | Reached skill level 9 in Fighting
  5593 | D:6      | Reached XP level 10. HP: 81/86 MP: 0/0
  5745 | D:6      | Noticed Sigmund
  5754 | D:6      | Killed Sigmund
  5755 | D:6      | Reached skill level 10 in Fighting
  6091 | D:6      | Noticed Duvessa
  6092 | D:6      | Noticed Dowan
  6101 | D:6      | Killed Dowan
  6102 | D:6      | Killed Duvessa
  6542 | D:7      | Noticed Joseph
  6554 | D:7      | Killed Joseph
  6555 | D:7      | Reached skill level 1 in Ranged Weapons
  6555 | D:7      | Reached skill level 1 in Armour
  6586 | D:7      | Found a flagged portal.
  6598 | Bailey   | Entered a bailey
  6643 | Bailey   | Noticed an orc knight
  6660 | Bailey   | Killed an orc knight
  6735 | Bailey   | Noticed an orc knight
  6943 | Bailey   | HP: 2/89 [/static electricity (3)]
  6943 | Bailey   | Mangled by an orc knight

Illustrated notes

Levels and vault maps discovered:
D:1:      tarquinn_simple_flora_water_f, layout_basic
D:2:      minmay_kobold_bridge, layout_basic
D:3:      layout_basic, overflow_temple_1_default, gammafunk_ghost_smash,
          hellmonk_ecumenical_altar_run_dry
D:4:      layout_loops_corners, pf_just_have_faith, serial_demonic,
          serial_demonic_f, serial_demonic_f, serial_demonic_b,
          serial_demonic_d, uniq_pikel, uniq_blork_the_orc
D:5:      layout_rooms, serial_shops, nicolae_lakefront_shop,
          nicolae_shop_waterfront, nicolae_stop_n_shop_2
D:6:      layout_basic, lightli_ossuary_entry_decrepit_ruins, uniq_duvessa,
          uniq_sigmund, uniq_prince_ribbit1
D:7:      layout_basic, minmay_temple_entry_grid, enter_bailey_3,
          chequers_avenue, chequers_serial_rivers_micro_e, uniq_joseph
Bailey:   bailey_axe_minmay_hex_keep, bailey

Skill      XL: |  1  2  3  4  5  6  7  8  9 10 |
---------------+-------------------------------+-----
Long Blades    | 3 |  3.6
Spellcasting   | 1 2 3 5 6 7 |  7.7
Fighting       | 4 5 6 7 9 10 | 10.6
Ranged Weapons | 1 |  1.8
Armour         | 2 |  2.3
Dodging        | 4 |  4.3
Stealth        | |  1.5
Evocations     | |  0.2

Action                   |  1- 3 |  4- 6 |  7- 9 | 10-12 || total
-------------------------+-------+-------+-------+-------++-------
Melee: Falchion          |    87 |    20 |       |       ||   107
       Punch             |     1 |       |       |       ||     1
 Fire: Sling             |       |   125 |   260 |    81 ||   466
 Cast: Sandblast         |     7 |     6 |    10 |     5 ||    28
       Static Discharge  |       |     4 |    18 |    30 ||    52
       Gell's Gravitas   |       |       |       |     4 ||     4
Invok: Curse Item        |       |     3 |     1 |     1 ||     5
       Shatter the Chain |       |       |       |     1 ||     1
  Use: Potion            |       |     1 |     1 |     1 ||     3
       Scroll            |       |       |     1 |     1 ||     2
 Stab: Sleeping          |     3 |     1 |       |       ||     4
Armor: Robe              |    13 |    13 |    10 |     1 ||    37
Dodge: Dodged            |    67 |    56 |   107 |    13 ||   243

Table legend: (Time is in decaauts)
 A = Elapsed time spent in this place.
 B = Non-inter-level travel time spent in this place.
 C = Inter-level travel time spent in this place.
 D = Time resting spent in this place.
 E = Time spent auto-exploring this place.
 F = Levels seen in this place.
 G = Mean time per level.
                   A        B        C        D        E       F      G
               +--------+--------+--------+--------+--------+-----+--------+
         Total |   6931 |   6676 |    255 |   1642 |   3594 |   9 |  770.1 |
       Dungeon |   5798 |   5543 |    255 |   1166 |   3291 |   7 |  828.3 |
       Ossuary |    794 |    794 |      0 |    321 |    255 |   1 |  794.0 |
        Bailey |    338 |    338 |      0 |    153 |     48 |   1 |  338.0 |
               +--------+--------+--------+--------+--------+-----+--------+

Top non-repeatable levels by time:
     D:6: 1600 daAuts
     D:4: 973 daAuts
     D:3: 904 daAuts
     D:2: 860 daAuts
     D:1: 834 daAuts
 Ossuary: 794 daAuts
     D:5: 538 daAuts
  Bailey: 338 daAuts
     D:7: 87 daAuts
